 Dungeon Crawl Stone Soup version 0.29-a0-506-ga2e7fffb44 (webtiles) character file.

Game seed: 13484620077370633685

77 dolemite99 the Chopper (level 4, -2/26 HPs)
             Began as a Gargoyle Gladiator on May 29, 2022.
             Was a Follower of Kikubaaqudgha.
             Killed from afar by Sigmund (5 damage)
             ... with a puff of flame
             ... on level 2 of the Dungeon.
             The game lasted 00:02:19 (2513 turns).

dolemite99 the Chopper (Gargoyle Gladiator)         Turns: 2513, Time: 00:02:20

Health: -2/26      AC:  8    Str: 20    XL:     4   Next: 34%
Magic:  4/4        EV: 12    Int:  8    God:    Kikubaaqudgha [*.....]
Gold:   64         SH:  0    Dex: 11    Spells: 3/3 levels left

rFire   . . .      SeeInvis .   a - +0 war axe
rCold   . . .      Faith    .   (no shield)
rNeg    + . .      Spirit   .   b - +0 leather armour
rPois   ∞          Reflect  .   c - +0 helmet
rElec   +          Harm     .   (no cloak)
rCorr   .          Rampage  .   (no gloves)
Will    .....                   s - +0 pair of boots
Stlth   +.........              (no amulet)
HPRegen 0.08/turn               (no ring)
MPRegen 0.09/turn               (no ring)

@: no status effects
A: sickness immunity, AC +3, negative energy resistance 1, electricity
resistance, torment resistance 1, petrification resistance, mutation resistance
1, screaming 1
a: Renounce Religion, Unearth Wretches


You were on level 2 of the Dungeon.
You worshipped Kikubaaqudgha.
Kikubaaqudgha was aware of your devotion.
You visited 1 branch of the dungeon, and saw 2 of its levels.

You collected 64 gold pieces.

Inventory:

Hand Weapons
 a - a +0 war axe (weapon)
Missiles
 d - a throwing net (quivered)
 e - a javelin
 l - 86 stones
Armour
 b - a +0 leather armour (worn)
 c - a +0 helmet (worn)
 f - a +0 ring mail
 p - a +0 helmet
 s - a +0 pair of boots (worn)
Magical Staves
 k - a staff of conjuration
Potions
 i - a potion of magic {unknown}
 j - a potion of attraction
 n - a potion of degeneration {unknown}
 q - a potion of haste {unknown}
 r - a potion of curing {unknown}


   Skills:
 - Level 2.1 Fighting
 + Level 4.0 Axes
 - Level 1.7 Throwing
 - Level 2.4 Dodging
 + Level 1.6 Necromancy


You had 3 spell levels left.
You didn't know any spells.
Your spell library contained the following spells:

 Spells                   Type           Power      Damage    Failure   Level
 Necrotize                Necr           8%         1d4       26%         1
 Vampiric Draining        Necr           2%         2d6       63%         3
 Animate Dead             Necr           2%         N/A       95%         4
 Anguish                  Hex/Necr       0%         N/A       98%         4


Dungeon Overview and Level Annotations

Branches:
Dungeon (2/15)

Altars:
Kikubaaqudgha

Annotations:
D:2 Sigmund


Innate Abilities, Weirdness & Mutations

You are immune to sickness and miasma.
Your stone body is resilient. (AC +3)
You are immune to poison.
You resist negative energy. (rN+)
You are resistant to electric shocks. (rElec)
You are resistant to unholy torment.
You are immune to petrification.
You are somewhat resistant to further mutation.
You occasionally shout uncontrollably at your foes.


Message History

The hobgoblin is caught in the net!
The hobgoblin is almost dead.
Sigmund casts a spell.
Sigmund flickers and vanishes!
Deactivating autopickup; reactivate with Ctrl-A.
Throw: 2 throwing nets
Press: ? - help, Shift-Dir - straight line, p - hobgoblin You throw a throwing net.
A nearby hobgoblin perishes wretchedly.
A nearby ball python perishes wretchedly.
You are confused.
Something tries to affect you, but you resist.
Something hits you.
It was a potion of mutation.
You feel extremely strange.
You feel the urge to shout.
You feel genetically stable. Something hits you.
You feel less confused.
A magic dart appears from out of thin air!
The magic dart hits you!
* * * LOW HITPOINT WARNING * * *
Something tries to affect you, but you resist.
A goblin comes into view. It is wielding a +0 dagger.
The goblin shouts!
You slash the goblin!
You kill the goblin!
Kikubaaqudgha accepts your kill.
You see here a +0 dagger.
A rat comes into view.
Something hits you.
* * * LOW HITPOINT WARNING * * *
You barely miss the rat.
Sigmund appears from thin air!
Reactivating autopickup.
The rat bites you but does no damage.
You hit the rat.
You kill the rat!
Kikubaaqudgha accepts your kill. Sigmund casts a spell at you.
The puff of flame hits you.
You die...
Kikubaaqudgha rasps: "You have failed me!
Welcome... oblivion!"

### ..#
#.# #.#
#.# #.#
#†# #@#
#.# #@#
#######.#
#.).....#
#.#######
#.# #.#
#.#


You could see Sigmund.

Vanquished Creatures
  Robin (D:2)
  2 adders (D:2)
  A dart slug (D:1)
  7 endoplasms
  3 giant cockroaches (D:1)
  9 goblins
  5 hobgoblins
  2 kobolds
  A quokka (D:2)
  3 ball pythons
  2 bats
  A frilled lizard (D:1)
  5 rats
42 creatures vanquished.

Vanquished Creatures (others)
  A ball python (D:2)
  A hobgoblin (D:2)
2 creatures vanquished.

Grand Total: 44 creatures vanquished

Notes
Turn   | Place    | Note
-------+----------+-------------------------------------------
     0 | D:1      | dolemite99 the Gargoyle Gladiator began the quest for the
                  | Orb.
     0 | D:1      | Reached XP level 1. HP: 12/12 MP: 1/1
    77 | D:1      | Reached skill level 3 in Axes
    97 | D:1      | Found a faded altar of an unknown god.
   112 | D:1      | Prayed at the altar of an unknown god.
   112 | D:1      | Became a worshipper of Kikubaaqudgha
   112 | D:1      | Reached * piety under Kikubaaqudgha
   112 | D:1      | Received a gift from Kikubaaqudgha
   126 | D:1      | Reached XP level 2. HP: 11/17 MP: 2/2
   971 | D:1      | Reached XP level 3. HP: 19/21 MP: 3/3
  1300 | D:2      | Noticed Robin
  1312 | D:2      | Reached skill level 1 in Necromancy
  1319 | D:2      | Killed Robin
  1995 | D:2      | Reached XP level 4. HP: 24/26 MP: 4/4
  2087 | D:2      | Reached skill level 4 in Axes
  2239 | D:2      | Reached ** piety under Kikubaaqudgha
  2474 | D:2      | Noticed Sigmund
  2489 | D:2      | Gained mutation: You occasionally shout uncontrollably at
                  | your foes. [potion of mutation]
  2489 | D:2      | Gained mutation: You are somewhat resistant to further
                  | mutation. [potion of mutation]
  2513 | D:2      | Killed from afar by Sigmund

Illustrated notes

Levels and vault maps discovered:
D:1:      saegor_arrival_under_anarchy, layout_basic,
          hellmonk_ecumenical_altar_run_dry
D:2:      layout_loops_ring, uniq_robin, uniq_jessica, uniq_sigmund

Skill      XL: |  1  2  3  4 |
---------------+-------------+-----
Axes           | 3 4 |  4.0
Necromancy     | 1 |  1.6
Fighting       | |  2.1
Throwing       | |  1.7
Dodging        | |  2.4

Action                   |  1- 3 |  4- 6 || total
-------------------------+-------+-------++-------
Melee: War axe           |   100 |    15 ||   115
       Punch             |     2 |       ||     2
Throw: Throwing net      |       |     2 ||     2
Invok: Unearth Wretches  |       |     1 ||     1
  Use: Scroll            |       |     5 ||     5
       Potion            |       |     1 ||     1
 Stab: Distracted        |       |     1 ||     1
Armor: Leather armour    |    48 |     5 ||    53
Dodge: Dodged            |    71 |     3 ||    74

Table legend: (Time is in decaauts)
 A = Elapsed time spent in this place.
 B = Non-inter-level travel time spent in this place.
 C = Inter-level travel time spent in this place.
 D = Time resting spent in this place.
 E = Time spent auto-exploring this place.
 F = Levels seen in this place.
 G = Mean time per level.
                   A        B        C        D        E       F      G
               +--------+--------+--------+--------+--------+-----+--------+
         Total |   2549 |   2508 |     41 |    409 |   1660 |   2 | 1274.5 |
       Dungeon |   2549 |   2508 |     41 |    409 |   1660 |   2 | 1274.5 |
               +--------+--------+--------+--------+--------+-----+--------+

Top non-repeatable levels by time:
     D:2: 1319 daAuts
     D:1: 1230 daAuts
